 Dungeon Crawl Stone Soup version 0.28.0-1-gb440e238dd (webtiles) character file.

Game seed: 4831939794070798684

7 Zeldest the Vexing (level 2, 5/14 HPs)
             Began as a Vine Stalker Wanderer on Feb 24, 2022.
             Was a Follower of Vehumet.
             Quit the game on level 1 of the Dungeon.
             The game lasted 00:00:37 (53 turns).

Zeldest the Vexing (Vine Stalker Wanderer)            Turns: 53, Time: 00:00:38

Health: 5/14       AC:  3    Str: 16    XL:     2   Next: 0%
Magic:  3/4        EV: 10    Int: 12    God:    Vehumet [*.....]
Gold:   7          SH:  3    Dex: 11    Spells: 2/3 levels left

rFire   . . .      SeeInvis .   a - +2 falchion
rCold   . . .      Faith    .   b - +0 buckler
rNeg    . . .      Spirit   +   c - +0 leather armour
rPois   .          Reflect  .   (no helmet)
rElec   .          Harm     .   (no cloak)
rCorr   .          Rampage  .   (no gloves)
Will    .....                   (no boots)
Stlth   +.........              (no amulet)
HPRegen 0.04/turn               (no ring)
MPRegen 0.09/turn               (no ring)

@: no status effects
A: fangs 2, magic shield, antimagic bite, no potion heal 2
a: Renounce Religion


You were on level 1 of the Dungeon.
You worshipped Vehumet.
Vehumet was aware of your devotion.
You visited 1 branch of the dungeon, and saw 1 of its levels.

You collected 7 gold pieces.

Inventory:

Hand Weapons
 a - a +2 falchion (weapon)
Armour
 b - a +0 buckler (worn)
 c - a +0 leather armour (worn)
Potions
 d - a potion of berserk rage {unknown}
 e - a potion of flight {unknown}


   Skills:
 + Level 1.2 Fighting
 - Level 1.7 Long Blades
 - Level 1.0 Armour
 + Level 1.2 Shields
 * Level 1.0 Unarmed Combat
 - Level 1.1 Spellcasting
 - Level 4.0 Hexes


You had 2 spell levels left.
You knew the following spells:

 Your Spells              Type           Power      Damage    Failure   Level
a - Slow                  Hex            40%        N/A       10%         1

Your spell library contained the following spells:

 Spells                   Type           Power      Damage    Failure   Level
 Freeze                   Ice            0%         1d3       45%         1
 Tukima's Dance           Hex            10%        N/A       28%         3


Dungeon Overview and Level Annotations

Branches:
Dungeon (1/15)

Altars:
Vehumet


Innate Abilities, Weirdness & Mutations

You have extremely sharp teeth.
When hurt, damage is shared between your health and your magic reserves.
Your bite disrupts and absorbs the magic of your enemies.
Potions cannot restore your health.


Message History

The jackal bites you but does no damage.
You slash the jackal!
You kill the jackal!
The rat barely misses you.
You hit the rat.
You kill the rat!
You hit the endoplasm. You bite the endoplasm. You drain its power.
You feel invigorated.
The endoplasm is severely wounded.
The endoplasm freezes you.
You are frozen.
You block the endoplasm's attack.
You hit the endoplasm.
You kill the endoplasm!
Things that are here:
a rat corpse; a jackal corpse; a jackal corpse
Found a leather armour.
Found a grey potion.
Found an escape hatch in the floor.
Found a mace.
A quokka comes into view.
The quokka moves out of view.
You see here a lumpy pink potion.
You see here a lumpy pink potion.
d - a lumpy pink potion You block the quokka's attack.
You barely miss the quokka. The quokka bites you.
* * * LOW HITPOINT WARNING * * *
The quokka barely misses you.
You slash the quokka!
You kill the quokka!
Your Unarmed Combat skill increases to level 1!
You have reached level 2!
Found a faded altar of an unknown god.
e - a grey potion
There is a faded altar of an unknown god here.
You cannot tell which god this altar belongs to.
Convert to them anyway?
Vehumet accepts your prayer! Vehumet welcomes you!
You can now gain magical power from killing.
Vehumet offers you knowledge of Freeze.
Are you sure you want to abandon this character and quit the game? (Confirm with "yes".)

#.#....###
#.#.##
#.[......#
#.#.#!
#........+
+.#.##
####.......)#
#....J
#....>......#
#.#h##
#.##........#
#.$
#...........#
#...8.......#
#..@..#######
#...8..#
#......#
###....#
#....# #....#
#....# #....#


There were no monsters in sight!

Vanquished Creatures
  An endoplasm (D:1)
  2 jackals (D:1)
  A quokka (D:1)
  A ball python (D:1)
  A rat (D:1)
6 creatures vanquished.

Vanquished Creatures (others)
  2 plants (D:1)
2 creatures vanquished.

Grand Total: 8 creatures vanquished

Notes
Turn   | Place    | Note
-------+----------+-------------------------------------------
     0 | D:1      | Zeldest the Vine Stalker Wanderer began the quest for the
                  | Orb.
     0 | D:1      | Zeldest set off with the following items: a +2 falchion, a
                  | +0 buckler, a +0 leather armour; and the following spell
                  | memorised: Slow; and the following spells available to
                  | memorise: Tukima's Dance
     0 | D:1      | Reached XP level 1. HP: 10/10 MP: 3/3
    40 | D:1      | Reached skill level 1 in Unarmed Combat
    40 | D:1      | Reached XP level 2. HP: 4/14 MP: 2/4
    42 | D:1      | Found a faded altar of an unknown god.
    52 | D:1      | Prayed at the altar of an unknown god.
    52 | D:1      | Became a worshipper of Vehumet
    52 | D:1      | Reached * piety under Vehumet
    52 | D:1      | Offered knowledge of Freeze by Vehumet.
    53 | D:1      | Quit the game

Illustrated notes

Levels and vault maps discovered:
D:1:      eino_arrival_water_cross, layout_basic,
          dreamdust_ecumenical_altar_statues, minmay_surrounded

Skill      XL: |  1 |
---------------+----+-----
Unarmed Combat | 1 |  1.0
Fighting       | |  1.2
Long Blades    | |  1.7
Armour         | |  1.0
Shields        | |  1.2
Spellcasting   | |  1.1
Hexes          | |  4.0

Action                   || total
-------------------------++-------
Melee: Falchion          ||    11
       Bite              ||     2
Armor: Leather armour    ||     4
Dodge: Dodged            ||     8
Block: Buckler           ||     3
